 Dungeon Crawl Stone Soup version 0.29-a0-284-gf9362112df (webtiles) character file.

Game seed: 18130665650968113299

2 croobank the Sneak (level 1, 0/10 HPs)
             Began as a Felid Delver on Mar 24, 2022.
             Constricted to death by a ball python (1 damage)
             ... on level 1 of the Dungeon.
             The game lasted 00:03:10 (298 turns).

croobank the Sneak (Felid Delver)                    Turns: 298, Time: 00:03:10

Health: 0/10       AC:  1    Str:  8    XL:     1   Next: 25%
Magic:  2/2        EV: 14    Int: 11    God:
Gold:   10         SH:  0    Dex: 17    Spells: 0/0 levels left
                                        Lives:  0   Deaths: 0

rFire   . . .      SeeInvis +     - Unarmed
rCold   . . .      Faith    .   (shield unavailable)
rNeg    . . .      Spirit   .   (body armour unavailable)
rPois   .          Reflect  .   (helmet unavailable)
rElec   .          Harm     .   (cloak unavailable)
rCorr   .          Rampage  .   (gloves unavailable)
Will    .....                   (boots unavailable)
Stlth   +++.......              (no amulet)
HPRegen 0.03/turn               (no ring)
MPRegen 0.08/turn               (no ring)

@: constricted, quick
A: very small, claws 1, fangs 3, see invisible, speed 1, shaggy fur 1, stealthy
paws, no weapons or thrown items, no armour, multi-lived
a: no special abilities


You were on level 1 of the Dungeon.
You visited 1 branch of the dungeon, and saw 5 of its levels.

You collected 10 gold pieces.

Inventory:

Wands
 e - a wand of digging (3)
Scrolls
 a - a scroll of fog


   Skills:
 + Level 3.0 Fighting
 + Level 2.7 Dodging
 + Level 6.6 Stealth
 + Level 2.0 Unarmed Combat


You couldn't memorise any spells.
You didn't know any spells.
Your spell library was empty.

Dungeon Overview and Level Annotations

Branches:
Dungeon (5/15)
 Temple: D:4-7

Altars:


Innate Abilities, Weirdness & Mutations

You have sharp claws.
You have razor-sharp teeth.
You have supernaturally acute eyesight. (SInv)
You cover ground quickly. (Speed+)
You are covered in fur. (AC +1)
Your paws help you pounce on unaware monsters.
You are incapable of wielding weapons or throwing items.
You cannot wear armour.
You gain extra lives every three experience levels.


Message History

Digging in that direction won't affect any walls.
Okay, then.
Found 10 gold pieces.
Found a spear.
A ball python comes into view.
You see here 10 gold pieces.
You now have 10 gold pieces.
The ball python bites you.
* * * LOW HITPOINT WARNING * * *
The ball python closely misses you.
An endoplasm comes into view.
A frilled lizard comes into view.
A rat comes into view.
A ball python comes into view.
You don't know any spells.
An endoplasm comes into view.
Found a shiny orb.
The ball python's inner flame fades away.
The frilled lizard's inner flame fades away.
The ball python enters a dispersal trap!
You blink.
The ball python blinks!
Really walk into that dispersal trap?
You enter a dispersal trap!
The ball python blinks!
The frilled lizard blinks! x2
The ball python blinks!
The endoplasm blinks!
You blink.
The endoplasm's inner flame fades away.
A goblin comes into view. It is wielding a +0 club.
The goblin shouts!
You scratch the goblin.
You kill the goblin!
You barely miss the ball python. The ball python completely misses you.
The ball python misses you.
You scratch the ball python.
The ball python is severely wounded.
The ball python misses you. The ball python grabs you.
The ball python constricts you.
* * * LOW HITPOINT WARNING * * *
You barely miss the ball python.
The ball python is severely wounded.
The frilled lizard hisses angrily.
The ball python misses you. The ball python constricts you.
You die...

#### .....#######
......#.....#
......#.....# ###
.........lS##...###
#.......##@.......
#........#........
#........#........... #
#......#.#............##
#≈##.......+..............
#≈.........#.............
#≈##.......#...........##
#≈ #............#.......#
♣≈##.#.....#..>......##.#


You could see a ball python and a frilled lizard.

Vanquished Creatures
  A goblin (D:1)
  A ball python (D:3)
2 creatures vanquished.

Notes
Turn   | Place    | Note
-------+----------+-------------------------------------------
     0 | D:5      | croobank the Felid Delver began the quest for the Orb.
     0 | D:5      | Reached XP level 1. HP: 10/10 MP: 2/2
    32 | D:5      | Noticed a jelly
   298 | D:1      | Constricted to death by a ball python

Illustrated notes

Levels and vault maps discovered:
D:1:      saegor_arrival_fortress, layout_basic
D:2:      layout_rooms, serial_shops, shop, nicolae_shop_window_shopping,
          shapermc_ecumenical_altar_pompeii, palyth_stone_intersect
D:3:      layout_loops_ring, grunt_temple_overflow_champion_of_chaos,
          serial_shops, shop, uniq_grinder, uniq_robin
D:4:      layout_rooms, serial_shops, shop, minmay_misc_feat_chi,
          minmay_ruined_shrine
D:5:      layout_loops_corners, serial_shops, nicolae_stop_n_shop_2

Action                   || total
-------------------------++-------
Melee: Unarmed           ||    10
  Use: Scroll            ||     3
       Potion            ||     1
Dodge: Dodged            ||    18

Table legend: (Time is in decaauts)
 A = Elapsed time spent in this place.
 B = Non-inter-level travel time spent in this place.
 C = Inter-level travel time spent in this place.
 D = Time resting spent in this place.
 E = Time spent auto-exploring this place.
 F = Levels seen in this place.
 G = Mean time per level.
                   A        B        C        D        E       F      G
               +--------+--------+--------+--------+--------+-----+--------+
         Total |    252 |    252 |      0 |    110 |     25 |   5 |   50.4 |
       Dungeon |    252 |    252 |      0 |    110 |     25 |   5 |   50.4 |
               +--------+--------+--------+--------+--------+-----+--------+

Top non-repeatable levels by time:
     D:5: 142 daAuts
     D:1: 54 daAuts
     D:3: 35 daAuts
     D:2: 14 daAuts
     D:4: 6 daAuts
